 Dungeon Sprint DCSS version 0.31-a0-1-g4198be8af4 (webtiles) character file.

Game seed: 5325202571618323501

2402 rocky1 the Thaumaturge (level 9, -17/57 HPs)
             Began as a Deep Elf Earth Elementalist on May 2, 2023.
             Was a High Priest of Sif Muna.
             Killed from afar by a lindwurm (47 damage)
             ... with a blast of flame
             ... in the Dungeon (Sprint VII: "The Pits").
             The game lasted 00:04:24 (1610 turns).

rocky1 the Thaumaturge (DEEE)                       Turns: 1610, Time: 00:04:25

Health: -17/57     AC:  6    Str:  5    XL:     9   Next: 23%
Magic:  14/28      EV: 15    Int: 25    God:    Sif Muna [*****.]
Gold:   0          SH:  0    Dex: 15    Spells: 31/35 levels left

rFire   . . .        k - +2 quarterstaff (protect)
rCold   . . .        (shield currently unavailable)
rNeg    . . .        a - +0 robe
rPois   .            (no helmet)
rElec   .            (no cloak)
rCorr   .            q - +0 pair of gloves
SInv    .            (no boots)
Will    .....        (no amulet)
Stlth   ++           l - +3 ring of protection
HPRegen 0.29/turn    m - +3 ring of evasion
MPRegen 0.21/turn

%: no teleportation
@: no status effects
A: no striking features
a: Renounce Religion, Channel Magic, Forget Spell, Divine Exegesis


You were in the Dungeon.
You worshipped Sif Muna.
Sif Muna was extremely pleased with you.
You visited 1 branch

Inventory:

Hand Weapons
 k - a +2 quarterstaff of protection (weapon)
 r - a +2 scimitar of flaming
 s - a +4 quarterstaff of speed
Armour
 a - a +0 robe (worn)
 g - a +0 troll leather armour
 q - a +0 pair of gloves (worn)
Jewellery
 l - a +3 ring of protection (left hand)
 m - a +3 ring of evasion (right hand)
Scrolls
 i - 5 scrolls of amnesia
 j - a scroll of summoning
Potions
 b - 5 potions of magic
 c - 7 potions of curing
 d - 10 potions of heal wounds
 e - a potion of haste
 f - 4 potions of berserk rage
 h - 2 potions of invisibility
 n - a potion of might
 o - 2 potions of mutation
 p - 2 potions of resistance


   Skills:
 * Level 7.3 Fighting
 - Level 2.4 Dodging
 - Level 2.4 Stealth
 + Level 13.9 Spellcasting
 * Level 9.3 Conjurations
 + Level 1.4 Transmutations
 + Level 13.4 Earth Magic
 * Level 7.6 Invocations


You had 31 spell levels left.
You knew the following spells:

 Your Spells              Type           Power      Damage    Failure   Level
a - Sandblast             Erth           100%       2d20      0%          1
b - Stone Arrow           Conj/Erth      100%       3d13      1%          3

Your spell library contained the following spells:

 Spells                   Type           Power      Damage    Failure   Level
 Momentum Strike          Conj/Tloc      80%        3d10      1%          2
 Passwall                 Tmut/Erth      44%        N/A       1%          2
 Hailstorm                Conj/Ice       40%        3d10      1%          3
 Petrify                  Tmut/Erth      53%        N/A       1%          4
 Mephitic Cloud           Conj/Pois/Air  32%        N/A       2%          3
 Fulminant Prism          Conj/Hex       20%        3d12      4%          4
 Silence                  Hex/Air        8%         N/A       67%         5
 Lehudib's Crystal Spear  Conj/Erth      32%        10d8      90%         8


Dungeon Overview and Level Annotations

Branches:
Dungeon (1/1)

Altars:
Ashenzari
Cheibriados
Dithmenos
Elyvilon
Fedhas
Gozag
Hepliaklqana
Kikubaaqudgha
Makhleb
Nemelex Xobeh
Okawaru
Qazlal
Ru
Sif Muna
Trog
Uskayaw
Vehumet
Wu Jian
Xom
Yredelemnul
Zin
The Shining One
Jiyva
Lugonu


Message History

The yak bellows!
You hear a bellow!
An ice devil comes into view.
Aiming: Stone Arrow (safe; 1% risk of failure)
Press: ? - help, Q - select action, (/) - cycle Shift-Dir - straight line, f - you
Okay, then.
Okay, then.
Aiming: Stone Arrow (safe; 1% risk of failure)
Press: ? - help, Q - select action, (/) - cycle Shift-Dir - straight line, f - lindwurm
Aim: a lindwurm (89% to hit)
The stone arrow hits the lindwurm!
The lindwurm is moderately wounded.
A yak comes into view.
Aiming: Stone Arrow (safe; 1% risk of failure)
Press: ? - help, Q - select action, (/) - cycle Shift-Dir - straight line, f - yak
Aim: a yak (87% to hit)
The stone arrow hits the yak!
The yak is heavily wounded.
Unknown command.
Aiming: Stone Arrow (safe; 1% risk of failure)
Press: ? - help, Q - select action, (/) - cycle Shift-Dir - straight line, f/p - yak
Aim: a yak (heavily wounded, 87% to hit)
The stone arrow hits the lindwurm!!
The lindwurm is severely wounded.
The lindwurm breathes flames at you. The blast of flame hits you!!
Aiming: Stone Arrow (safe; 1% risk of failure)
Press: ? - help, Q - select action, (/) - cycle Shift-Dir - straight line, f/p - yak
Aim: a yak (heavily wounded, 87% to hit)
The stone arrow hits the yak!!
You kill the yak!
Sif Muna accepts your kill.
Aiming: Stone Arrow (safe; 1% risk of failure)
Press: ? - help, Q - select action, (/) - cycle Shift-Dir - straight line, f - lindwurm
Aim: a lindwurm (heavily wounded, 89% to hit)
The stone arrow hits the lindwurm.
The lindwurm is severely wounded.
The lindwurm breathes flames at you. The blast of flame hits you!!!
Ouch! That really hurt!
You die...

....+.÷..............+
#####...†..#..#......#
#..##..........).....#
'..#####+#####++######
#+###.......##++########
...##.......##..)...'..'
...##.......##......'..
#####...<...##.....##..
)[.##.......##..@###
.[.##.......##.k##
#####.......##''#
#..###########.4.5Y....
#.############Y'#...#..
#.#....#..[[##..##.....
#÷#....#..[.##... ##...
#)')...'..).##... ..
#'#....#...)# .


You could see a lindwurm (catching breath), an ice devil and a yak.

Vanquished Creatures
  A two-headed ogre (D)
  A deep troll (D)
  A deep elf pyromancer (D)
  A ynoxinul (D)
  A yak (D)
  A warg (D)
  2 floating eyes (D)
  A sky beast (D)
  A necrophage (D)
  A bullfrog (D)
  A hound (D)
  A mummy (D)
  A gnoll (D)
  2 adders (D)
  A river rat (D)
  2 white imps (D)
  2 ufetubi (D)
  An orc (D)
  An endoplasm (D)
  A giant cockroach (D)
  2 jackals (D)
  2 quokkas (D)
  3 ball pythons (D)
  A rat (D)
32 creatures vanquished.

Notes
Turn   | Place    | Note
-------+----------+-------------------------------------------
     0 | D        | rocky1 the Deep Elf Earth Elementalist began the quest for
                  | the Orb.
     0 | D        | Reached XP level 1. HP: 10/10 MP: 6/6
    14 | D        | Reached skill level 1 in Fighting
    14 | D        | Reached skill level 1 in Conjurations
    14 | D        | Reached XP level 2. HP: 16/16 MP: 4/8
    28 | D        | Found a bloodstained altar of Trog.
    28 | D        | Found a shimmering blue altar of Sif Muna.
    28 | D        | Found a viscous altar of Jiyva.
    28 | D        | Found a hazy altar of Hepliaklqana.
    28 | D        | Found an opulent altar of Gozag.
    29 | D        | Found a glowing golden altar of the Shining One.
    29 | D        | Found a glowing silver altar of Zin.
    29 | D        | Found a basalt altar of Yredelemnul.
    29 | D        | Found a shimmering altar of Xom.
    29 | D        | Found an ornate altar of the Wu Jian Council.
    29 | D        | Found a sacrificial altar of Ru.
    29 | D        | Found a stormy altar of Qazlal.
    29 | D        | Found an iron altar of Okawaru.
    29 | D        | Found a sparkling altar of Nemelex Xobeh.
    29 | D        | Found a burning altar of Makhleb.
    29 | D        | Found a blossoming altar of Fedhas.
    29 | D        | Found a white marble altar of Elyvilon.
    29 | D        | Found a shadowy altar of Dithmenos.
    29 | D        | Found a snail-covered altar of Cheibriados.
    32 | D        | Found a corrupted altar of Lugonu.
    32 | D        | Found a radiant altar of Vehumet.
    33 | D        | Found an ancient bone altar of Kikubaaqudgha.
    33 | D        | Found a hide-covered altar of Uskayaw.
    33 | D        | Found a broken altar of Ashenzari.
    34 | D        | Became a worshipper of Sif Muna the Loreminder
    76 | D        | Reached skill level 5 in Earth Magic
   223 | D        | Noticed a floating eye
   224 | D        | Reached * piety under Sif Muna
   226 | D        | Killed a floating eye
   227 | D        | Reached XP level 3. HP: 23/23 MP: 5/12
   227 | D        | Reached XP level 4. HP: 28/28 MP: 5/14
   231 | D        | Learned a level 3 spell: Stone Arrow
   291 | D        | Noticed a floating eye
   293 | D        | Reached ** piety under Sif Muna
   294 | D        | Killed a floating eye
   295 | D        | Reached skill level 5 in Conjurations
   295 | D        | Reached XP level 5. HP: 33/33 MP: 11/17
   485 | D        | Noticed a warg
   492 | D        | Killed a warg
   493 | D        | Reached XP level 6. HP: 39/39 MP: 5/20
   495 | D        | Reached *** piety under Sif Muna
   618 | D        | Reached skill level 5 in Fighting
   618 | D        | Reached skill level 10 in Earth Magic
   693 | D        | Reached **** piety under Sif Muna
   694 | D        | Reached XP level 7. HP: 44/44 MP: 18/22
   840 | D        | Reached skill level 10 in Spellcasting
   861 | D        | Reached ***** piety under Sif Muna
  1025 | D        | Noticed a ynoxinul
  1028 | D        | Killed a ynoxinul
  1028 | D        | Received a gift from Sif Muna
  1033 | D        | Got Sif Muna's Encyclopedia of Beguiling Damage {god gift}
  1245 | D        | Noticed a two-headed ogre
  1245 | D        | Noticed a deep elf pyromancer
  1249 | D        | Killed a two-headed ogre
  1250 | D        | Reached XP level 8. HP: 52/52 MP: 15/26
  1252 | D        | Killed a deep elf pyromancer
  1354 | D        | Noticed a deep troll
  1375 | D        | Killed a deep troll
  1376 | D        | Reached XP level 9. HP: 18/57 MP: 18/28
  1603 | D        | Noticed a lindwurm
  1604 | D        | Noticed an ice devil
  1610 | D        | Killed from afar by a lindwurm

Illustrated notes

Levels and vault maps discovered:
D:        pitsprint [storerooms_1, entrance_room_1, metal_vault_4, armoury_2,
          mini_pit_1, grid_room_1, main_hall_1, silver_pit, the_coven_3,
          the_vestibule_1, steel_vault_1, golden_pit, hallway_of_sentries,
          crystal_vault_1, iron_vault_3, final_vault]

Skill      XL: |  1  2  3  4  5  6  7  8 |
---------------+-------------------------+-----
Fighting       | 1 3 4 5 6 7 |  7.3
Conjurations   | 1 4 5 6 8 9 |  9.3
Earth Magic    | 4 7 8 9 10 12 13 | 13.4
Spellcasting   | 6 8 9 12 13 | 13.9
Invocations    | 2 3 6 7 |  7.6
Dodging        | |  2.4
Stealth        | |  2.4
Transmutations | |  1.4

Action                     |  1- 3 |  4- 6 |  7- 9 || total
---------------------------+-------+-------+-------++-------
  Melee: Quarterstaff      |       |     1 |       ||     1
   Cast: Sandblast         |    11 |     4 |       ||    15
         Stone Arrow       |       |    11 |    30 ||    41
    Use: Scroll            |       |       |     1 ||     1
 Armour: Robe              |       |     1 |     1 ||     2
  Dodge: Dodged            |     2 |     2 |     1 ||     5

Table legend: (Time is in decaauts)
 A = Elapsed time spent in this place.
 B = Non-inter-level travel time spent in this place.
 C = Inter-level travel time spent in this place.
 D = Time resting spent in this place.
 E = Time spent auto-exploring this place.
 F = Levels seen in this place.
 G = Mean time per level.
                   A        B        C        D        E       F      G
               +--------+--------+--------+--------+--------+-----+--------+
         Total |   1616 |   1602 |     14 |   1187 |     83 |   1 | 1616.0 |
       Dungeon |   1616 |   1602 |     14 |   1187 |     83 |   1 | 1616.0 |
               +--------+--------+--------+--------+--------+-----+--------+

Top non-repeatable levels by time:
       D: 1616 daAuts
